Dernière mise à jour: 2025-12-07 16:11:59
% Time on Ice - ANCHORAGE ACES
Lines # - Real PCT - Wanted PCT - Time Play
Normal Forward
1 - 35% - 35% - 18:40
2 - 36% - 35% - 19:17
3 - 23% - 23% - 12:24
4 - 6% - 7% - 3:12
Normal Defense
1 - 32% - 35% - 16:53
2 - 32% - 35% - 17:20
3 - 27% - 25% - 14:15
4 - 9% - 5% - 5:05
PP Forward
1 - 57% - 50% - 2:15
2 - 43% - 50% - 1:43
PP Defense
1 - 57% - 55% - 2:15
2 - 43% - 45% - 1:43
PK Forward
1 - 71% - 55% - 1:24
2 - 29% - 45% - 0:35
PK Defense
1 - 39% - 55% - 0:47
2 - 61% - 45% - 1:12
PK3 Forward
1 - 0% - 55%
2 - 0% - 45%
PK3 Defense
1 - 0% - 55%
2 - 0% - 45%
44 Forward
1 - 0% - 50%
2 - 0% - 50%
44 Defense
1 - 0% - 55%
2 - 0% - 45%
Last Minute Offensive  - 0:30
Last Minute Defensive  - 0:00
Total
Forward - 60:00
Defense - 60:00
% Time on Ice - COLORADO GLACIERCATS
Lines # - Real PCT - Wanted PCT - Time Play
Normal Forward
1 - 31% - 35% - 16:35
2 - 33% - 35% - 17:53
3 - 29% - 29% - 15:39
4 - 6% - 1% - 3:26
Normal Defense
1 - 36% - 38% - 19:15
2 - 38% - 36% - 20:27
3 - 21% - 21% - 11:22
4 - 5% - 5% - 2:29
PP Forward
1 - 65% - 50% - 1:17
2 - 35% - 50% - 0:42
PP Defense
1 - 65% - 60% - 1:17
2 - 35% - 40% - 0:42
PK Forward
1 - 50% - 50% - 1:59
2 - 50% - 50% - 1:59
PK Defense
1 - 46% - 50% - 1:50
2 - 54% - 50% - 2:08
PK3 Forward
1 - 0% - 50%
2 - 0% - 50%
PK3 Defense
1 - 0% - 50%
2 - 0% - 50%
44 Forward
1 - 0% - 50%
2 - 0% - 50%
44 Defense
1 - 0% - 50%
2 - 0% - 50%
Last Minute Offensive  - 0:00
Last Minute Defensive  - 0:30
Total
Forward - 60:00
Defense - 60:00
Play-by-Play 1st period 0:01 of 1st period - Connor McDavid wins face-off versus Leon Draisaitl in neutral zone. 1:14 of 1st period - Jamie Benn is hit by Filip Hronek and loses puck. 1:30 of 1st period - Off-side. 1:31 of 1st period - Phillip Danault wins face-off versus Alexander Wennberg in neutral zone. 1:59 of 1st period - Shot by Alexander DeBrincat. 1:59 of 1st period - Stopped by Andrei Vasilevskiy without a rebound. 2:00 of 1st period - Tomas Hertl wins face-off versus Ross Colton in COLORADO GLACIERCATS zone. 2:13 of 1st period - Shot by Tomas Hertl. 2:13 of 1st period - Shot Blocked by Ross Colton. 2:40 of 1st period - Icing by Erik Haula. 2:41 of 1st period - Tage Thompson wins face-off versus Ross Colton in ANCHORAGE ACES zone. 2:42 of 1st period - Shot by Jamie Benn. 2:42 of 1st period - Shot Misses the Net. 2:58 of 1st period - Shot by Jamie Benn. 2:58 of 1st period - Shot Hit the Post. 3:00 of 1st period - Shot by Jamie Benn. 3:00 of 1st period - Deflect By Tage Thompson. 3:00 of 1st period - Stopped by Darcy Kuemper without a rebound. 3:01 of 1st period - Phillip Danault wins face-off versus Alexander Wennberg in ANCHORAGE ACES zone. 3:25 of 1st period - Icing by Sebastien Aho. 3:26 of 1st period - Phillip Danault wins face-off versus Tomas Hertl in ANCHORAGE ACES zone. 3:26 of 1st period - Phillip Danault is hit by Bryan Rust. 3:44 of 1st period - Shot by Bryan Rust. 3:44 of 1st period - Stopped by Darcy Kuemper with a rebound. 4:12 of 1st period - Shot by Tomas Hertl. 4:12 of 1st period - Stopped by Darcy Kuemper without a rebound. 4:13 of 1st period - Tage Thompson wins face-off versus Sam Carrick in ANCHORAGE ACES zone. 4:13 of 1st period - Tage Thompson is hit by Robert Bortuzzo. 4:25 of 1st period - Erik Haula is hit by Mario Ferraro and loses puck. 4:29 of 1st period - Minor Penalty to Mario Ferraro for Roughing. 4:30 of 1st period - Nic Dowd wins face-off versus Connor McDavid in COLORADO GLACIERCATS zone. 6:24 of 1st period - Shot by Connor McDavid. 6:24 of 1st period - Shot Blocked by Devon Toews. 9:38 of 1st period - Shot by Erik Haula. 9:38 of 1st period - Shot Blocked by Tomas Hertl. 10:20 of 1st period - Icing by Alexander Wennberg. 10:21 of 1st period - Alexander Wennberg wins face-off versus Connor McDavid in COLORADO GLACIERCATS zone. 12:12 of 1st period - Ryan Pulock is hit by Tage Thompson and loses puck. 13:01 of 1st period - Shot by Connor McDavid. 13:01 of 1st period - Shot Blocked by Tage Thompson. 13:09 of 1st period - Shot by Connor McDavid. 13:09 of 1st period - Goal by Connor McDavid - ANCHORAGE ACES : 1 - COLORADO GLACIERCATS : 0. 13:10 of 1st period - Phillip Danault wins face-off versus Alexander Wennberg in neutral zone. 14:55 of 1st period - Shot by Erik Haula. 14:55 of 1st period - Stopped by Andrei Vasilevskiy with a rebound. 15:05 of 1st period - Shot by Erik Haula. 15:05 of 1st period - Stopped by Andrei Vasilevskiy with a rebound. 15:14 of 1st period - Icing by Erik Karlsson. 15:15 of 1st period - Alexander Wennberg wins face-off versus Phillip Danault in COLORADO GLACIERCATS zone. 15:20 of 1st period - Minor Penalty to Nic Dowd for Holding. 15:21 of 1st period - Connor McDavid wins face-off versus Cole Perfetti in COLORADO GLACIERCATS zone. 15:52 of 1st period - Icing by Nathan MacKinnon. 15:53 of 1st period - Tomas Hertl wins face-off versus Connor McDavid in ANCHORAGE ACES zone. 16:28 of 1st period - Shot by Tomas Hertl. 16:28 of 1st period - Stopped by Darcy Kuemper without a rebound. 16:29 of 1st period - Tomas Hertl wins face-off versus Alexander DeBrincat in ANCHORAGE ACES zone. 16:33 of 1st period - Icing by Yegor Sharangovich. 16:34 of 1st period - Alexander Wennberg wins face-off versus Alexander DeBrincat in ANCHORAGE ACES zone. 17:19 of 1st period - Shot by Alexander DeBrincat. 17:19 of 1st period - Shot Blocked by Vince Dunn. 17:21 of 1st period - Shot by Erik Haula. 17:21 of 1st period - Deflect By Colin Blackwell. 17:21 of 1st period - Goal by Colin Blackwell - ANCHORAGE ACES : 2 - COLORADO GLACIERCATS : 0. 17:22 of 1st period - Tage Thompson wins face-off versus David Perron in neutral zone. 18:03 of 1st period - Mario Ferraro is hit by David Perron and loses puck. 18:38 of 1st period - Tomas Hertl is hit by Ross Colton and loses puck. 19:05 of 1st period - Shot by Tomas Hertl. 19:05 of 1st period - Shot Misses the Net. 19:07 of 1st period - Shot by Erik Karlsson. 19:07 of 1st period - Shot Blocked by Sebastien Aho. 19:23 of 1st period - Shot by Alexander Wennberg. 19:23 of 1st period - Shot Misses the Net. Goals for this period are 2 for ANCHORAGE ACES vs 0 for COLORADO GLACIERCATS. Shots for this period are 5 for ANCHORAGE ACES vs 4 for COLORADO GLACIERCATS. 2nd period 0:01 of 2nd period - Leon Draisaitl wins face-off versus Phillip Danault in neutral zone. 0:06 of 2nd period - Shot by Tomas Hertl. 0:06 of 2nd period - Stopped by Darcy Kuemper without a rebound. 0:07 of 2nd period - Leon Draisaitl wins face-off versus Connor McDavid in ANCHORAGE ACES zone. 0:23 of 2nd period - Tomas Hertl is hit by Ryan Pulock. 0:49 of 2nd period - Shot by Tomas Hertl. 0:49 of 2nd period - Shot Blocked by Connor McDavid. 2:24 of 2nd period - Shot by Alexander Wennberg. 2:24 of 2nd period - Shot Blocked by Filip Hronek. 2:26 of 2nd period - Shot by Dylan Samberg. 2:26 of 2nd period - Stopped by Darcy Kuemper without a rebound. 2:27 of 2nd period - Phillip Danault wins face-off versus Bryan Rust in ANCHORAGE ACES zone. 2:58 of 2nd period - Shot by Leon Draisaitl. 2:58 of 2nd period - Stopped by Darcy Kuemper without a rebound. 2:59 of 2nd period - Ross Colton wins face-off versus Alexander Wennberg in ANCHORAGE ACES zone. 2:59 of 2nd period - Ross Colton is hit by Mike Hoffman. 3:24 of 2nd period - Off-side. 3:25 of 2nd period - Phillip Danault wins face-off versus Leon Draisaitl in neutral zone. 4:06 of 2nd period - Icing by Bryan Rust. 4:07 of 2nd period - Leon Draisaitl wins face-off versus Ross Colton in COLORADO GLACIERCATS zone. 4:41 of 2nd period - Off-side. 4:42 of 2nd period - Alexander Wennberg wins face-off versus Alexander DeBrincat in neutral zone. 5:09 of 2nd period - Shot by Yegor Sharangovich. 5:09 of 2nd period - Stopped by Andrei Vasilevskiy with a rebound. 5:26 of 2nd period - Icing by Alexander Wennberg. 5:27 of 2nd period - Alexander Wennberg wins face-off versus Ross Colton in COLORADO GLACIERCATS zone. 5:33 of 2nd period - Off-side. 5:34 of 2nd period - Connor McDavid wins face-off versus Tage Thompson in neutral zone. 7:16 of 2nd period - Shot by Bryan Rust. 7:16 of 2nd period - Shot Hit the Post. 8:13 of 2nd period - Shot by Alexander Wennberg. 8:13 of 2nd period - Stopped by Darcy Kuemper without a rebound. 8:14 of 2nd period - Cole Perfetti wins face-off versus Connor McDavid in ANCHORAGE ACES zone. 8:14 of 2nd period - Jamie Benn is hit by Filip Hronek and loses puck. 8:22 of 2nd period - Icing by Tage Thompson. 8:23 of 2nd period - Tage Thompson wins face-off versus Connor McDavid in COLORADO GLACIERCATS zone. 10:21 of 2nd period - Off-side. 10:22 of 2nd period - Alexander Wennberg wins face-off versus Sam Carrick in neutral zone. 10:43 of 2nd period - Shot by Alexander Wennberg. 10:43 of 2nd period - Shot Blocked by Robert Bortuzzo. 10:45 of 2nd period - Shot by Devon Toews. 10:45 of 2nd period - Stopped by Darcy Kuemper with a rebound. 10:47 of 2nd period - Shot by Devon Toews. 10:47 of 2nd period - Shot Misses the Net. 11:20 of 2nd period - Icing by Jamie Oleksiak. 11:21 of 2nd period - Tage Thompson wins face-off versus Phillip Danault in COLORADO GLACIERCATS zone. 11:39 of 2nd period - Shot by Cole Perfetti. 11:39 of 2nd period - Stopped by Darcy Kuemper without a rebound. 11:40 of 2nd period - Bryan Rust wins face-off versus Connor McDavid in ANCHORAGE ACES zone. 13:05 of 2nd period - Shot by Tage Thompson. 13:05 of 2nd period - Stopped by Darcy Kuemper with a rebound. 13:07 of 2nd period - Shot by Jamie Benn. 13:07 of 2nd period - Goal by Jamie Benn - ANCHORAGE ACES : 2 - COLORADO GLACIERCATS : 1. 13:08 of 2nd period - Ross Colton wins face-off versus Alexander Wennberg in neutral zone. 13:34 of 2nd period - Shot by Nic Dowd. 13:34 of 2nd period - Stopped by Darcy Kuemper with a rebound. 14:12 of 2nd period - Icing by Erik Karlsson. 14:13 of 2nd period - Phillip Danault wins face-off versus Tage Thompson in COLORADO GLACIERCATS zone. 14:16 of 2nd period - Shot by Alexander DeBrincat. 14:16 of 2nd period - Shot Misses the Net. 14:18 of 2nd period - Shot by Phillip Danault. 14:18 of 2nd period - Stopped by Andrei Vasilevskiy with a rebound. 14:20 of 2nd period - Shot by Alexander DeBrincat. 14:2